Map: Romanticide LE

Players

SalemDread

  • Race: Terran Terran
  • League: Silver

Throwfordays - Winner!

  • Race: Zerg Zerg
  • League: Gold

VOD

Have the link to the VOD?

Description

Time

  • Played on: June 19, 2021, 4:37 a.m.
  • Length: 4:56
Show
View Real Time Build Order
Export as new Build Order

SalemDread Terran 

Build Orders:  

Get SALT Encoding   

  12  0:03  SCV  
  13  0:15  SCV  
  13  0:20  Supply Depot  
  14  0:28  SCV  
  15  0:29  Refinery  
  15  0:43  Barracks  
  15  0:47  SCV  
  16  0:59  Barracks  
  16  1:03  SCV  
  17  1:17  Supply Depot  
  18  1:18  SCV  
  18  1:34  Factory  
  18  1:37  Marine  
  19  1:43  SCV  
  20  1:47  Barracks Tech Lab  
  20  1:55  SCV  
  20  1:56  Marine  
  22  2:15  SCV  
  22  2:19  Marine  
  24  2:28  Siege Tank  
  27  2:31  SCV  
  27  2:35  Refinery  
  28  2:40  Engineering Bay  
  28  2:51  Barracks Reactor  
  28  2:52  Marine  
  28  2:56  SCV  
  30  3:00  Supply Depot  
  30  3:09  SCV  
  31  3:21  Marine, Siege Tank  
  31  3:24  Orbital Command  
  35  3:33  Bunker  
  35  3:34  Marine x2  
  37  3:42  Starport  
Show
View Real Time Build Order
Export as new Build Order

Throwfordays Zerg - Winner!

Build Orders: Hatch First 

Get SALT Encoding   

  12  0:01  Drone  
  13  0:13  Overlord  
  13  0:17  Drone  
  14  0:42  Hatchery  
  13  0:45  Drone  
  13  0:49  Drone  
  15  0:52  Drone  
  16  1:00  Drone  
  17  1:11  Spawning Pool  
  17  1:15  Drone  
  17  1:19  Extractor  
  17  1:20  Drone  
  17  1:28  Drone  
  18  1:39  Overlord  
  18  1:52  Drone  
  19  1:58  Queen  
  19  2:00  Queen  
  19  2:01  Drone  
  24  2:06  Zergling x2  
  25  2:09  Drone  
  26  2:25  Overlord  
  26  2:27  Drone  
  27  2:33  Extractor  
  27  2:34  Drone  
  27  2:35  Drone  
  28  2:37  Metabolic Boost  
  28  2:46  Zergling x4  
  30  2:51  Zergling x4  
  32  3:03  Zergling x2, Baneling Nest  
  32  3:05  Zergling x2  
  32  3:12  Drone  
  34  3:14  Zergling x4  
  34  3:15  Overlord  
  36  3:21  Overlord  
  36  3:35  Queen  
  37  4:08  Zergling x12  
  43  4:18  Baneling x3  
  43  4:19  Baneling x3  
Tags
 
Add a new tag
Caveats
  • Supply blocks, unpowered buildings, or Contaminate may cause inaccurate times.
  • Supply counts are checked every 10 seconds.